Map: 뉴 리퍼그넌시 - 래더

Players

DnS - Winner!

  • Race: Protoss Protoss
  • Spawn Location: 1:00

llllllllllll (Stats)

  • Race: Protoss Protoss
  • League: Grandmaster
  • Spawn Location: 7:00

Event: HomeStory Cup XIX

VOD

Have the link to the VOD?

Description

Time

  • Played on: June 27, 2019, 5:11 p.m.
  • Length: 8:40

All games in this series

Show
View Real Time Build Order
Export as new Build Order

DnS Protoss - Winner!

Build Orders:  

Get SALT Encoding   

  12  0:00  Probe  
  13  0:12  Probe  
  14  0:17  Pylon  
  14  0:23  Probe  
  15  0:31  Probe  
  15  0:36  Gateway  
  15  0:40  Probe  
  16  0:46  Assimilator  
  17  0:51  Probe  
  17  0:54  Assimilator  
  18  1:00  Probe  
  19  1:07  Gateway  
  19  1:08  Probe  
  19  1:17  Probe  
  21  1:26  Cybernetics Core  
  21  1:29  Probe  
  22  1:35  Pylon  
  22  1:42  Probe  
  23  1:54  Probe  
  24  2:02  Stalker x2, Warp Gate  
  28  2:10  Pylon  
  28  2:27  Pylon  
  28  2:32  Stalker x2  
  31  2:46  Robotics Facility  
  31  3:10  Probe  
  32  3:13  Nexus  
  32  3:14  Sentry x2  
  32  3:19  Shield Battery  
  36  3:24  Probe  
  37  3:36  Probe  
  38  3:44  Pylon  
  38  3:48  Probe  
  39  3:53  Warp Prism  
  39  3:58  Pylon  
  39  3:59  Probe  
  40  4:07  Probe  
  40  4:08  Sentry  
  44  4:16  Probe  
  45  4:21  Probe  
  46  4:29  Probe x2  
  46  4:30  Immortal  
  51  4:46  Probe  
  51  4:50  Stalker x2, Shield Battery  
  56  4:54  Probe  
  57  5:01  Probe  
  57  5:03  Immortal  
  57  5:06  Probe  
  59  5:08  Pylon  
  63  5:18  Probe  
  63  5:19  Probe  
  65  5:23  Pylon  
  65  5:28  Shield Battery  
  65  5:32  Adept x2  
  65  5:34  Immortal  
  69  5:45  Probe  
  69  5:46  Pylon  
  69  5:47  Probe  
  71  6:01  Probe x2  
  71  6:02  Assimilator  
  71  6:03  Twilight Council  
  69  6:05  Adept x2  
  74  6:19  Immortal  
  77  6:38  Gateway  
  77  6:39  Gateway  
  77  6:45  Resonating Glaives  
  77  6:57  Adept x2  
  77  6:58  Gateway  
  77  6:59  Gateway  
  77  7:00  Pylon, Warp Prism  
  79  7:01  Gateway  
  79  7:18  Adept x2, Pylon  
  83  7:30  Pylon  
  83  7:35  Adept  
  83  7:36  Adept  
  87  7:39  Adept x2  
  89  7:55  Adept  
  89  7:56  Adept x4  
  99  8:01  Observer  
  100  8:15  Pylon  
  100  8:16  Pylon  
  100  8:19  Adept x6  
  92  8:38  Adept  
  92  8:39  Adept x3  
Show
View Real Time Build Order
Export as new Build Order

llllllllllll Protoss 

Build Orders: Blink Stalkers 

Get SALT Encoding   

  12  0:00  Probe  
  13  0:13  Probe  
  14  0:17  Pylon  
  14  0:24  Probe  
  15  0:32  Probe  
  15  0:37  Gateway  
  15  0:40  Probe  
  16  0:46  Assimilator  
  17  0:51  Probe  
  17  0:55  Assimilator  
  18  1:00  Probe  
  19  1:08  Probe, Gateway  
  19  1:17  Probe  
  20  1:24  Cybernetics Core  
  21  1:29  Probe  
  22  1:33  Pylon  
  22  1:42  Probe  
  23  1:54  Probe  
  24  2:00  Stalker  
  24  2:01  Stalker  
  28  2:02  Warp Gate  
  28  2:12  Twilight Council  
  28  2:17  Pylon  
  28  2:29  Blink  
  28  2:36  Stalker  
  30  2:58  Stalker  
  32  3:00  Gateway  
  32  3:09  Stalker  
  33  3:19  Probe  
  34  3:41  Nexus  
  34  3:43  Pylon  
  34  3:51  Stalker  
  34  3:55  Stalker  
  38  4:02  Sentry  
  40  4:08  Pylon  
  40  4:09  Probe  
  41  4:18  Sentry  
  41  4:22  Stalker  
  41  4:23  Probe  
  46  4:35  Probe  
  47  4:48  Nexus  
  47  4:51  Probe  
  48  4:54  Probe  
  49  5:07  Probe x2  
  51  5:19  Probe x2, Robotics Facility  
  53  5:33  Probe  
  53  5:34  Probe  
  55  5:39  Forge  
  55  5:42  Probe x2  
  57  5:50  Stalker x3  
  57  5:54  Probe x2  
  60  6:08  Observer, Probe x3  
  63  6:15  Charge  
  63  6:16  Probe  
  64  6:18  Protoss Ground Weapons Level 1  
  64  6:20  Probe x2  
  67  6:33  Probe x3  
  70  6:43  Gateway  
  70  6:44  Gateway  
  70  6:46  Gateway  
  70  6:47  Gateway  
  65  6:58  Probe  
  65  6:59  Probe x2, Pylon  
  68  7:11  Zealot x3  
  68  7:15  Gateway  
  74  7:17  Templar Archives  
  74  7:21  Probe x2  
  75  7:23  Probe  
  77  7:35  Zealot x3  
  64  7:59  Zealot x6  
  72  8:12  Pylon  
  72  8:14  Pylon  
  72  8:18  High Templar x2  
  76  8:22  Zealot, Archon  
  78  8:30  Zealot x3  
  57  8:36  Zealot  
Tags
 
Add a new tag
Caveats
  • Supply blocks, unpowered buildings, or Contaminate may cause inaccurate times.
  • Supply counts are checked every 10 seconds.